 Dungeon Crawl Stone Soup version 0.30-a0-626-gd6a5dd7a1f (webtiles) character file.

Game seed: 17093454349162864056

2611 purpskrrrp the Conjurer (level 9, 0/59 HPs)
             Began as a Demonspawn Conjurer on Jan 11, 2023.
             Was a Follower of Vehumet.
             Slain by Maggie
             ... wielding a +2 glaive of flaming
              (5 damage)
             ... on level 8 of the Dungeon.
             The game lasted 00:16:20 (7097 turns).

purpskrrrp the Conjurer (Demonspawn Conjurer)       Turns: 7097, Time: 00:16:20

Health: 0/59       AC:  6    Str:  8    XL:     9   Next: 34%
Magic:  13/17      EV: 15    Int: 23    God:    Vehumet [*.....]
Gold:   365        SH:  0    Dex: 18    Spells: 11/19 levels left

rFire   . . .      SeeInvis .    f - +5 mace
rCold   . . .      Faith    .    (no shield)
rNeg    . . .      Spirit   .    a - +1 robe
rPois   .          Reflect  .    (no helmet)
rElec   .          Harm     .    (no cloak)
rCorr   .          Rampage  .    x - +0 pair of gloves
Will    .....                    (no boots)
Stlth   +++                      y - amulet of magic regeneration
HPRegen 0.29/turn                o - +6 ring of dexterity
MPRegen 0.55/turn                (no ring)

@: mesmerised
A: hooves 1, rugged brown scales 2, demonic guardian 1, spiny 3
a: Renounce Religion


You were on level 8 of the Dungeon.
You worshipped Vehumet.
Vehumet was aware of your devotion.
You visited 2 branches of the dungeon, and saw 9 of its levels.

You collected 365 gold pieces.

Inventory:

Hand Weapons
 e - a +0 mace
 f - a +5 mace (weapon)
Missiles
 r - 12 poisoned darts
Armour
 a - a +1 robe (worn)
 x - a +0 pair of gloves (worn)
Jewellery
 h - an amulet of regeneration
 l - an amulet of guardian spirit
 o - a +6 ring of dexterity (left hand)
 y - an amulet of magic regeneration (around neck)
Wands
 j - a wand of flame (11)
 p - a wand of polymorph (3)
Scrolls
 c - 3 scrolls of teleportation
 g - 2 scrolls of amnesia
 t - 2 scrolls of summoning {unknown}
 u - 4 scrolls of identify
 A - a scroll of magic mapping
Potions
 b - a potion of magic
 d - 4 potions of curing
 i - 3 potions of heal wounds
 k - a potion of ambrosia
 m - a potion of degeneration
 n - a potion of might
 q - 2 potions of lignification
 s - a potion of attraction
 v - a potion of berserk rage
 w - a potion of flight {unknown}
 z - a potion of brilliance {unknown}


   Skills:
 + Level 5.2 Maces & Flails
 + Level 5.7 Dodging
 - Level 3.1 Stealth
 + Level 5.8 Spellcasting
 + Level 7.3 Conjurations
 * Level 2.4 Fire Magic


You had 11 spell levels left.
You knew the following spells:

 Your Spells              Type           Power      Damage    Failure   Level
a - Magic Dart            Conj           100%       1d8       1%          1
b - Searing Ray           Conj           80%        2d7       1%          2
c - Iskenderun's Mystic   Conj/Tloc      23%        2d6       19%         4
d - Foxfire               Conj/Fire      100%       2x1d9     1%          1

Your spell library contained the following spells:

 Spells                   Type           Power      Damage    Failure   Level
 Dazzling Flash           Conj/Hex       46%        N/A       6%          3
 Ignite Poison            Fire/Tmut/Pois 10%        N/A       19%         3
 Kindle Blastsparks       Fire/Tloc/Air  20%        2d11      19%         3
 Fulminant Prism          Conj/Hex       11%        3d9       19%         4
 Freezing Cloud           Conj/Ice/Air   8%         6-21      65%         5


Dungeon Overview and Level Annotations

Branches:
Dungeon (8/15)             Temple (1/1) D:5
   Lair: D:8-11

Altars:
Ashenzari
Cheibriados
Dithmenos
Fedhas
Gozag
Hepliaklqana
Kikubaaqudgha
Makhleb
Nemelex Xobeh
Okawaru
Qazlal
Ru
Sif Muna
Trog
Uskayaw
Vehumet
Wu Jian
Xom
Yredelemnul

Annotations:
D:6 5 runed translucent doors
D:8 Maggie


Innate Abilities, Weirdness & Mutations

You have large cloven feet.
You are mostly covered in rugged brown scales. (AC +2, +5% HP)
A weak demonic guardian rushes to your aid.
You are completely covered in sharp spines.


Message History

The magic dart hits Maggie but does no damage.
Maggie is lightly wounded.
Maggie shouts, "Leave me alone!"
The magic dart hits Maggie but does no damage.
Maggie is lightly wounded.
The magic dart hits Maggie.
Maggie is lightly wounded.
Casting: Magic Dart (safe; 1% risk of failure)
Confirm with . or Enter, or press ? or * to list all spells.
Aiming: Searing Ray (safe; 1% risk of failure)
Press: ? - help, Shift-Dir - straight line, f/p - Maggie
Aim: Maggie, wielding a +2 glaive of flaming and wearing +0 acid dragon scales (lightly wounded, 82% to hit)
The searing ray hits Maggie!
Maggie is moderately wounded. (Press . to maintain the ray.)
The searing ray hits Maggie!
Maggie is moderately wounded.
Maggie misses you.
The searing ray hits Maggie!
Maggie is heavily wounded.
Maggie closely misses you.
The searing ray hits Maggie.
Maggie is heavily wounded.
You finish channelling your searing ray.
Maggie casts a spell.
Maggie attempts to bespell you!
You are mesmerised by Maggie!
Maggie closely misses you.
You closely miss Maggie. Your kick misses Maggie.
Maggie is heavily wounded.
Maggie says, "Fear not.
I will immortalize you in the tale of my first kill."
Maggie hits you with a +2 glaive of flaming!
A demonic guardian appears!
Maggie burns you.
You hit Maggie. Your kick misses Maggie.
Maggie is heavily wounded.
Maggie is struck by your spines.
Maggie hits you with a +2 glaive of flaming!!
* * * LOW HITPOINT WARNING * * *
Maggie burns you.
You die...

#####... ###......
##.#.....# #..
#........#......
#........#........
##.................##.
#...5@.......#..#...#.
#...@......##........
#....................
#....................
###..................
###................
#####............
#######....#.#...##
#....##...##.....#.
#....#.....#.......


You could see Maggie (mesmerising, ally target) and a friendly quasit
(summoned).

Vanquished Creatures
  A hornet (D:8)
  3 water moccasins
  Duvessa (D:5)
  An orc warrior (D:6)
  An ice beast (D:7)
  2 ogres (D:5)
  2 centaurs (D:7)
  A phantom (D:7)
  2 bullfrogs
  A kobold brigand (D:7)
  2 necrophages
  2 scorpions
  4 wights (D:8)
  Dowan (D:5)
  3 howler monkeys
  3 hounds
  A gnoll bouda (D:8)
  An orc priest (D:4)
  2 jellies
  3 iguanas
  Ijyb (D:3)
  3 orc wizards
  4 gnolls (D:8)
  7 adders
  2 white imps
  An ufetubus (D:6)
  A worm (D:3)
  4 dart slugs
  15 orcs
  5 ball pythons
  5 bats
  4 endoplasms
  6 goblins
  7 hobgoblins
  4 jackals
  6 quokkas
  4 frilled lizards
  14 kobolds
  2 rats (D:1)
132 creatures vanquished.

Vanquished Creatures (others)
  8 foxfires
  4 plants (D:2)
12 creatures vanquished.

Grand Total: 144 creatures vanquished

Notes
Turn   | Place    | Note
-------+----------+-------------------------------------------
     0 | D:1      | purpskrrrp the Demonspawn Conjurer began the quest for the
                  | Orb.
     0 | D:1      | Reached XP level 1. HP: 13/13 MP: 3/3
   289 | D:1      | Gained mutation: You are partially covered in sharp spines.
                  | [demonic ancestry]
   289 | D:1      | Reached XP level 2. HP: 19/19 MP: 1/5
   846 | D:1      | Reached XP level 3. HP: 24/24 MP: 4/6
  2458 | D:3      | Reached skill level 1 in Maces & Flails
  2458 | D:3      | Gained mutation: You are mostly covered in sharp spines.
                  | [demonic ancestry]
  2458 | D:3      | Reached XP level 4. HP: 30/30 MP: 5/7
  2640 | D:3      | Noticed Ijyb
  2698 | D:3      | Learned a level 2 spell: Searing Ray
  3007 | D:3      | Killed Ijyb
  3419 | D:4      | Gained mutation: You are partially covered in rugged brown
                  | scales. (AC +1, +3% HP) [demonic ancestry]
  3419 | D:4      | Reached XP level 5. HP: 30/36 MP: 4/9
  3448 | D:4      | Gained mutation: You are mostly covered in rugged brown
                  | scales. (AC +2, +5% HP) [demonic ancestry]
  3448 | D:4      | Reached XP level 6. HP: 34/43 MP: 1/10
  3893 | D:5      | Entered Level 5 of the Dungeon
  3917 | D:5      | Reached skill level 5 in Conjurations
  3993 | D:5      | Found a staircase to the Ecumenical Temple.
  4022 | Temple   | Entered the Ecumenical Temple
  4255 | Temple   | Became a worshipper of Vehumet
  4378 | D:5      | Noticed Duvessa
  4391 | D:5      | Killed Duvessa
  4392 | D:5      | Gained mutation: You are completely covered in sharp
                  | spines. [demonic ancestry]
  4392 | D:5      | Reached XP level 7. HP: 43/48 MP: 6/12
  4393 | D:5      | Noticed Dowan
  4397 | D:5      | Killed Dowan
  4531 | D:5      | Found a burning altar of Makhleb.
  5087 | D:6      | Found a runed translucent gate.
  5087 | D:6      | Found a runed translucent gate.
  5088 | D:6      | Found a runed translucent gate.
  5126 | D:6      | Noticed a redback
  5134 | D:6      | Found a runed translucent door.
  5189 | D:6      | Found an iron altar of Okawaru.
  5236 | D:6      | Reached skill level 6 in Conjurations
  5236 | D:6      | Gained mutation: You have large cloven feet. [demonic
                  | ancestry]
  5236 | D:6      | Reached XP level 8. HP: 54/54 MP: 12/14
  5275 | D:6      | Identified the +1 leather armour of Heuhos {-Cast +Inv
                  | Str-5 SInv}
  5307 | D:6      | Found a runed translucent door.
  5314 | D:6      | Found the +9 staff of Olgreb {rPois∞}
  5602 | D:6      | Learned a level 4 spell: Iskenderun's Mystic Blast
  5739 | D:7      | Identified the +8 short sword "Xakeudak" {elec, *Slow rF+
                  | Str+2}
  5782 | D:7      | Reached skill level 5 in Spellcasting
  5896 | D:7      | Reached skill level 5 in Dodging
  5945 | D:7      | Reached * piety under Vehumet
  5945 | D:7      | Offered knowledge of Foxfire by Vehumet.
  5948 | D:7      | Learned a level 1 spell: Foxfire
  6025 | D:7      | Found a snail-covered altar of Cheibriados.
  6389 | D:7      | Reached skill level 7 in Conjurations
  6695 | D:8      | Gained mutation: A weak demonic guardian rushes to your
                  | aid. [demonic ancestry]
  6695 | D:8      | Reached XP level 9. HP: 59/59 MP: 13/17
  6708 | D:8      | Paralysed by a hornet for 1 turns
  6710 | D:8      | Reached skill level 5 in Maces & Flails
  6710 | D:8      | Reached skill level 1 in Fire Magic
  7040 | D:8      | Found an ancient bone altar of Kikubaaqudgha.
  7084 | D:8      | Noticed Maggie
  7097 | D:8      | Slain by Maggie

Illustrated notes

Levels and vault maps discovered:
D:1:      dpeg_arrival_stonehenge_8_columns, layout_basic
D:2:      layout_loops_cross, serial_bayou_crossing
D:3:      layout_rooms, serial_rivers, chequers_serial_rivers_small_3,
          chequers_serial_rivers_large_b, chequers_serial_rivers_micro_d,
          chequers_serial_rivers_marsh, chequers_serial_rivers_micro_d,
          chequers_serial_rivers_micro_c, saegor_snake_ambush, uniq_ijyb
D:4:      layout_rooms
D:5:      layout_cave_pools, lemuel_doored_altar, temple_pool_b, uniq_duvessa
D:6:      layout_cave_pools, okawaru_metal_pillars_1_2,
          minmay_guarded_unrand_staff_of_olgreb
D:7:      layout_basic, mainiacjoe_overflow_brackets,
          mainiacjoe_overflow_tiny_flanked
D:8:      layout_cave_pools, kiku_gazebo_pond_becter, minmay_door_square,
          minmay_misc_feat_roman, uniq_maggie
Temple:   nicolae_temple_bog_church

Skill      XL: |  1  2  3  4  5  6  7  8  9 |
---------------+----------------------------+-----
Stealth        | 2 3 |  3.1
Dodging        | 2 3 4 5 |  5.7
Maces & Flails | 1 2 3 4 5 |  5.2
Spellcasting   | 3 4 5 |  5.8
Conjurations   | 5 6 7 |  7.3
Fire Magic     | 2 |  2.4

Action                   |  1- 3 |  4- 6 |  7- 9 || total
-------------------------+-------+-------+-------++-------
Melee: Unarmed           |     6 |     4 |       ||    10
       Mace              |    20 |    26 |    15 ||    61
       Kick              |       |       |     2 ||     2
Throw: Dart              |       |     2 |       ||     2
 Cast: Magic Dart        |    71 |    68 |   155 ||   294
       Searing Ray       |       |     3 |    16 ||    19
       Foxfire           |       |       |     6 ||     6
Evoke: Wand              |       |     1 |       ||     1
  Use: Scroll            |     6 |     7 |     5 ||    18
       Potion            |       |     1 |       ||     1
Armor: Robe              |     2 |     3 |     9 ||    14
       Skin              |       |     1 |       ||     1
Dodge: Dodged            |    11 |    15 |    28 ||    54

Table legend: (Time is in decaauts)
 A = Elapsed time spent in this place.
 B = Non-inter-level travel time spent in this place.
 C = Inter-level travel time spent in this place.
 D = Time resting spent in this place.
 E = Time spent auto-exploring this place.
 F = Levels seen in this place.
 G = Mean time per level.
                   A        B        C        D        E       F      G
               +--------+--------+--------+--------+--------+-----+--------+
         Total |   7193 |   6868 |    325 |    297 |   5705 |   9 |  799.2 |
       Dungeon |   6933 |   6643 |    290 |    297 |   5497 |   8 |  866.6 |
        Temple |    259 |    224 |     35 |      0 |    207 |   1 |  259.0 |
               +--------+--------+--------+--------+--------+-----+--------+

Top non-repeatable levels by time:
     D:1: 1460 daAuts
     D:3: 1097 daAuts
     D:7: 1043 daAuts
     D:5: 957 daAuts
     D:2: 828 daAuts
     D:4: 574 daAuts
     D:6: 559 daAuts
     D:8: 410 daAuts
  Temple: 259 daAuts
